 Dungeon Crawl Stone Soup version 0.25-a0-589-g1e14c549ee (webtiles) character file.

Game seed: 11052653670334372549, levelgen mode: deterministic

63 kae the Insei (level 3, -6/30 HPs)
             Began as a Demonspawn Monk on Mar 11, 2020.
             Killed by divine providence
             ... invoked by an orc priest
              (14 damage)
             ... on level 3 of the Dungeon.
             The game lasted 00:01:40 (2037 turns).

kae the Insei (Demonspawn Monk)                     Turns: 2037, Time: 00:01:41

Health: -6/30      AC:  5    Str: 11    XL:     3   Next: 89%
Magic:  3/3        EV: 13    Int: 11    God:
Gold:   78         SH:  0    Dex: 16    Spells: 2/2 levels left

rFire    . . .     SeeInvis .     - Unarmed
rCold    . . .     Gourm    .   (no shield)
rNeg     . . .     Faith    .   a - +1 robe
rPois    .         Spirit   .   (no helmet)
rElec    .         Reflect  .   (no cloak)
rCorr    .         Harm     .   (no gloves)
MR       .....                  (no boots)
Stlth    ++........             (no amulet)
HPRegen  0.10/turn              (no ring)
MPRegen  0.08/turn              (no ring)

@: lightly drained
A: thin metallic scales 1
a: no special abilities


You were on level 3 of the Dungeon.
You were not hungry.

You visited 1 branch of the dungeon, and saw 3 of its levels.

You collected 78 gold pieces.

Inventory:

Armour
 a - a +1 robe (worn)
Jewellery
 e - an uncursed ring of wizardry {unknown}
Scrolls
 c - 4 scrolls of teleportation
 f - 3 scrolls of identify {unknown}
 h - a scroll of remove curse {unknown}
 i - a scroll of fog {unknown}
 k - a scroll of noise {unknown}
Potions
 d - 2 potions of heal wounds {unknown}
 g - 2 potions of lignification {unknown}
Comestibles
 b - 6 rations


   Skills:
 + Level 3.7(3.3) Fighting
 - Level 2.6(2.3) Dodging
 - Level 1.7(1.4) Stealth
 * Level 3.9(3.6) Unarmed Combat


You had 2 spell levels left.
You didn't know any spells.
Your spell library was empty.

Dungeon Overview and Level Annotations

Branches:
Dungeon (3/15)

Altars:
Fedhas
Kikubaaqudgha
Okawaru
The Shining One


Innate Abilities, Weirdness & Mutations

You are partially covered in thin metallic scales. (AC +2)


Message History

You hit the orc priest.
The orc priest is moderately wounded.
The orc priest hits you but does no damage.
The orc closely misses you.
You hit the orc priest.
The orc priest is heavily wounded.
The orc priest hits you with a +0 flail.
The orc hits you with a +2 war axe of draining!
You feel drained. The orc hits you.
* * * LOW HITPOINT WARNING * * *
There are monsters nearby!
You are too injured to fight recklessly!
You are too injured to fight recklessly!
You are too injured to fight recklessly!
You are too injured to fight recklessly!
You are too injured to fight recklessly!
You are too injured to fight recklessly!
The orc priest mumbles some strange prayers to Beogh against you.
Beogh smites you!
You die...

..#######.# #.$.......#
#.........# .........#
#........#. +.o.........
##o.o.....#.#
#####..ooo......#
##⌠.⌠##.@........#
##..>..##.........#
##.).....##.........
##...###...##......#
#⌠.†## ##†.⌠#......+
..#####'##...##.##.)....#
........# #...........#
######..# #...........# #
#..#................#


You could see an orc priest and 5 orcs.

Vanquished Creatures
  An adder (D:2)
  An ooze (D:2)
  2 dart slugs (D:1)
  3 leopard geckos
  3 giant cockroaches (D:3)
  8 goblins
  4 hobgoblins
  3 kobolds
  A quokka (D:3)
  4 bats
  2 frilled lizards
  8 rats
40 creatures vanquished.

Notes
Turn   | Place    | Note
-------+----------+-------------------------------------------
     0 | D:1      | kae the Demonspawn Monk began the quest for the Orb.
     0 | D:1      | Reached XP level 1. HP: 18/18 MP: 1/1
   362 | D:1      | Gained mutation: You are partially covered in thin metallic
                  | scales. (AC +2) [demonic ancestry]
   362 | D:1      | Reached XP level 2. HP: 24/24 MP: 2/2
  1051 | D:2      | Reached XP level 3. HP: 29/29 MP: 3/3
  1125 | D:2      | Found a glowing golden altar of the Shining One.
  1271 | D:2      | Found a blossoming altar of Fedhas.
  1272 | D:2      | Found an ancient bone altar of Kikubaaqudgha.
  1694 | D:2      | Found an iron altar of Okawaru.
  2037 | D:3      | Killed from afar by an orc priest

Levels and vault maps discovered:
D:1:      minmay_arrival_up_and_down, layout_loops_ring
D:2:      layout_loops_ring, grunt_temple_overflow_growth_and_decay,
          lemuel_round_altar, nicolae_overflow_hidden_temple,
          minmay_pentomino_u4
D:3:      layout_basic, vehumet_crystals, grunt_ministairs_8,
          minmay_fractal_squares_diagonal_5

Skill      XL: |  1 |
---------------+----+-----
Unarmed Combat | 3 |  3.9
Fighting       | |  3.7
Dodging        | |  2.6
Stealth        | |  1.7

Action                   || total
-------------------------++-------
Melee: Unarmed           ||   168
       Punch             ||     2
  Use: Scroll            ||     2
 Stab: Sleeping          ||     6
       Distracted        ||     1
  Eat: Chunk             ||     4
Armor: Robe              ||    45
Dodge: Dodged            ||   109

Table legend:
 A = Non-vault XP
 B = Vault XP
 C = Vault XP percentage of total XP
 D = Non-vault monster count
 E = Vault monster count
 F = Vault count percentage of total count
                 A         B        C        D         E       F
            +---------+---------+-------+---------+---------+-------
      Total |      80 |      11 |  12.1 |      34 |       6 |  15.0
            +---------+---------+-------+---------+---------+-------
        D:1 |      27 |       0 |   0.0 |      15 |       0 |   0.0
        D:2 |      35 |       7 |  16.7 |      10 |       4 |  28.6
        D:3 |      18 |       4 |  18.2 |       9 |       2 |  18.2
            +---------+---------+-------+---------+---------+-------
